Map: Oxide LE

Players

AGOElazer (Elazer) - Winner!

  • Race: Zerg Zerg
  • Spawn Location: 7:00

HeroMarine

  • Race: Terran Terran
  • League: Grandmaster
  • Spawn Location: 1:00

Event: DreamHack SC2 Masters 2020 Winter

VOD

Have the link to the VOD?

Description

Time

  • Played on: Nov. 7, 2020, 10:18 a.m.
  • Length: 16:32

All games in this series

Show
View Real Time Build Order
Export as new Build Order

AGOElazer Zerg - Winner!

Build Orders: Hatch First, Lurkers 

Get SALT Encoding   

  12  0:00  Drone  
  13  0:12  Overlord  
  13  0:16  Drone  
  14  0:31  Drone x2  
  16  0:47  Hatchery  
  15  0:51  Drone  
  15  0:54  Drone  
  17  0:57  Drone  
  18  1:08  Extractor  
  17  1:12  Spawning Pool  
  17  1:15  Drone  
  17  1:19  Drone  
  18  1:27  Drone  
  19  1:39  Drone  
  20  1:49  Drone  
  21  1:59  Queen x2  
  21  2:00  Zergling x2  
  26  2:04  Overlord  
  26  2:12  Zergling x2  
  26  2:13  Drone, Metabolic Boost  
  28  2:28  Drone x2  
  29  2:33  Hatchery  
  28  2:39  Drone x2  
  30  2:45  Queen  
  30  2:50  Overlord  
  32  2:53  Drone  
  32  2:55  Drone  
  32  2:57  Drone  
  35  3:08  Overlord  
  35  3:10  Queen, Drone  
  35  3:12  Drone  
  39  3:15  Drone  
  39  3:17  Drone  
  41  3:22  Queen  
  43  3:28  Drone  
  43  3:29  Overlord  
  43  3:30  Drone  
  45  3:34  Drone  
  45  3:35  Drone  
  47  3:42  Drone x3  
  47  3:46  Queen  
  47  3:48  Drone x2  
  54  3:54  Overlord  
  54  3:55  Drone x2  
  56  3:59  Queen  
  58  4:05  Zergling x6  
  58  4:09  Zergling x2  
  62  4:13  Overlord  
  62  4:15  Drone  
  63  4:17  Drone x2  
  63  4:21  Drone x3  
  63  4:22  Evolution Chamber  
  67  4:25  Drone x4  
  67  4:28  Overlord  
  67  4:30  Drone x2  
  73  4:34  Baneling Nest  
  73  4:36  Drone x2  
  74  4:43  Overlord  
  74  4:46  Drone x3, Extractor  
  74  4:50  Zerg Ground Armor Level 1  
  74  4:52  Drone x4  
  80  4:58  Extractor  
  79  5:01  Drone x2  
  79  5:02  Drone  
  79  5:05  Hatchery  
  79  5:06  Zergling x2  
  79  5:07  Zergling x4  
  84  5:08  Extractor  
  84  5:10  Overlord  
  84  5:13  Zergling x2  
  84  5:14  Zergling x6  
  87  5:19  Zergling x2  
  88  5:21  Baneling x5  
  88  5:22  Spore Crawler  
  88  5:24  Drone  
  88  5:25  Zergling x4  
  88  5:27  Overlord, Evolution Chamber  
  88  5:28  Lair  
  89  5:30  Zergling x4  
  89  5:33  Drone  
  89  5:34  Extractor  
  89  5:35  Zergling x4  
  92  5:41  Drone x3  
  93  5:50  Drone x4  
  93  5:54  Overlord  
  93  5:55  Drone  
  93  5:56  Overlord  
  98  5:59  Zerg Melee Weapons Level 1  
  98  6:00  Pneumatized Carapace  
  98  6:01  Burrow  
  98  6:05  Hatchery  
  98  6:06  Drone  
  98  6:13  Overlord  
  98  6:14  Drone x5  
  98  6:15  Zergling x2  
  105  6:18  Zergling x4  
  105  6:24  Zergling x14  
  113  6:26  Centrifical Hooks  
  113  6:27  Baneling  
  113  6:28  Overseer, Baneling x3  
  113  6:33  Zergling x6  
  114  6:40  Zergling x6  
  114  6:41  Overlord  
  114  6:44  Overlord  
  117  6:48  Zergling x8  
  117  6:54  Overlord, Zerg Ground Armor Level 2  
  120  6:55  Zergling x14  
  127  7:01  Overlord  
  127  7:02  Zergling x2  
  127  7:03  Zergling x2  
  127  7:10  Drone x3  
  130  7:19  Zergling x24  
  139  7:24  Zergling x8  
  139  7:29  Baneling x5  
  142  7:32  Overlord  
  142  7:33  Drone, Extractor  
  142  7:34  Hydralisk Den, Drone x2  
  142  7:35  Drone  
  144  7:37  Baneling  
  144  7:39  Drone x3  
  144  7:43  Baneling x5  
  144  7:44  Baneling  
  146  7:45  Zergling x2  
  146  7:46  Zergling x18  
  146  7:48  Zergling x2  
  146  7:50  Overlord  
  155  7:53  Zergling x4  
  156  8:03  Overseer  
  156  8:05  Zerg Missile Weapons Level 1, Hydralisk x5  
  154  8:08  Baneling x11  
  154  8:11  Muscular Augments, Baneling  
  164  8:13  Zergling x12  
  170  8:21  Infestation Pit  
  170  8:22  Zergling x6  
  170  8:23  Zergling x4  
  170  8:34  Baneling x13  
  170  8:39  Overlord  
  169  8:48  Zergling x26  
  156  8:49  Zergling x4  
  156  8:55  Overlord, Hydralisk  
  153  9:03  Hive  
  153  9:06  Hydralisk x2  
  153  9:07  Zergling x6  
  152  9:11  Zergling x2  
  152  9:12  Zergling x14  
  152  9:15  Zergling x2  
  152  9:24  Zergling x12  
  150  9:28  Hydralisk  
  147  9:34  Zergling x6  
  147  9:37  Overseer, Zerg Melee Weapons Level 2  
  142  9:39  Baneling x8  
  142  9:40  Grooved Spines, Hydralisk x3  
  148  9:47  Drone x7  
  155  9:53  Baneling x9  
  155  9:54  Overlord  
  155  9:55  Overlord  
  155  9:57  Overseer  
  155  10:02  Overlord  
  155  10:05  Spore Crawler, Drone x2  
  155  10:06  Drone, Extractor  
  156  10:07  Drone x2  
  156  10:09  Hatchery  
  156  10:11  Zergling x6  
  157  10:16  Zergling x2  
  157  10:17  Zergling x16  
  153  10:22  Zergling x4  
  153  10:27  Zergling x6  
  158  10:30  Baneling  
  158  10:31  Baneling x8  
  157  10:35  Overlord  
  157  10:39  Zergling x30  
  157  10:41  Adrenal Glands  
  169  10:43  Lurker Den  
  169  10:47  Zergling x6  
  148  10:51  Overseer  
  148  10:55  Drone x5  
  150  11:00  Zergling x2  
  149  11:06  Zergling x28  
  149  11:07  Baneling x15  
  160  11:15  Zergling x8  
  163  11:27  Zerg Ground Armor Level 3  
  163  11:28  Zergling x12  
  162  11:35  Zergling x32  
  162  11:45  Overlord  
  159  11:48  Drone x6  
  159  11:50  Seismic Spines  
  159  11:52  Lurker  
  166  11:57  Baneling x10  
  166  11:58  Baneling x7  
  166  12:01  Zergling x10  
  170  12:03  Baneling x4  
  169  12:12  Zergling x20  
  163  12:28  Zergling x30  
  171  12:41  Zergling x2  
  171  12:42  Zergling x22  
  183  12:47  Adaptive Talons  
  183  12:50  Baneling x8  
  177  12:55  Hydralisk x5  
  163  13:00  Hatchery  
  163  13:01  Hydralisk x5  
  168  13:06  Baneling x10  
  168  13:09  Zergling x6  
  170  13:16  Lurker x3  
  170  13:17  Drone x5  
  171  13:33  Lurker x2  
  171  13:34  Lurker  
  167  13:37  Zergling x8  
  167  13:38  Zergling x12  
  166  13:44  Overseer x2  
  163  13:52  Zergling x10  
  148  13:58  Hydralisk x5  
  139  14:18  Hydralisk  
  139  14:19  Hydralisk x6  
  155  14:24  Drone x3, Extractor  
  149  14:31  Lurker  
  149  14:33  Drone x5  
  149  14:34  Extractor  
  149  14:35  Extractor  
  145  14:38  Zergling x2  
  145  14:39  Zergling x4  
  142  14:55  Zergling x12  
  142  14:56  Zergling x2  
  142  14:59  Zergling x6  
  147  15:08  Drone, Extractor  
  147  15:09  Drone  
  147  15:12  Spore Crawler  
  145  15:19  Zergling x12  
  143  15:31  Lurker x6  
  143  15:32  Zergling x2  
  143  15:33  Zergling x16  
  143  15:35  Hatchery  
  157  15:45  Lurker x2  
  157  15:46  Hydralisk, Lurker x5  
  157  15:47  Hydralisk  
  168  15:54  Zergling x2  
  168  15:55  Zergling x2  
  168  15:56  Overlord  
  166  15:57  Hatchery  
  166  15:59  Overlord x3  
Show
View Real Time Build Order
Export as new Build Order

HeroMarine Terran 

Build Orders: Reaper Expand 

Get SALT Encoding   

  12  0:00  SCV  
  13  0:12  SCV  
  14  0:17  Supply Depot  
  14  0:24  SCV  
  15  0:38  SCV  
  15  0:40  Barracks  
  16  0:43  Refinery  
  16  0:50  SCV  
  17  1:03  SCV  
  18  1:15  SCV  
  19  1:27  Reaper, Orbital Command  
  20  1:39  Command Center  
  20  1:49  Supply Depot  
  20  1:53  SCV  
  21  1:58  Marine  
  22  2:05  SCV  
  23  2:12  Factory  
  23  2:17  SCV  
  23  2:20  Barracks Reactor  
  24  2:29  SCV  
  25  2:37  Command Center  
  25  2:42  SCV  
  26  2:51  Orbital Command  
  26  2:54  SCV  
  27  2:59  Barracks  
  27  3:06  SCV, Barracks Tech Lab  
  27  3:09  Hellion  
  27  3:12  Hellion  
  32  3:16  SCV  
  32  3:18  Refinery  
  32  3:19  SCV  
  34  3:26  Stimpack  
  34  3:27  Marine  
  34  3:29  SCV  
  34  3:33  SCV  
  37  3:41  SCV  
  38  3:45  Marine  
  38  3:47  SCV  
  38  3:48  Starport  
  40  3:50  Orbital Command  
  40  3:52  Marine x2  
  40  3:53  SCV  
  43  3:58  Factory Reactor  
  43  3:59  SCV  
  44  4:02  Marine  
  44  4:05  SCV  
  44  4:07  Supply Depot  
  46  4:10  Marine x2  
  46  4:11  SCV  
  46  4:16  SCV  
  50  4:17  SCV  
  50  4:20  Marine  
  50  4:21  Refinery  
  50  4:23  SCV  
  53  4:27  Marine  
  53  4:28  SCV, Marine  
  53  4:29  SCV  
  57  4:32  Supply Depot  
  57  4:35  SCV  
  58  4:38  Marine  
  58  4:40  SCV, Medivac x2  
  58  4:41  SCV  
  65  4:45  Marine  
  65  4:46  Marine  
  65  4:50  Engineering Bay x2, Orbital Command  
  65  4:51  Factory Reactor  
  65  4:52  SCV  
  68  4:53  Barracks  
  68  4:54  SCV  
  68  4:56  Marine  
  70  5:02  Supply Depot  
  70  5:03  Marine x2  
  70  5:04  SCV  
  70  5:06  SCV  
  74  5:12  Combat Shield  
  74  5:14  Marine  
  74  5:16  SCV  
  74  5:18  SCV  
  77  5:23  SCV, Marine  
  77  5:25  Supply Depot, Terran Infantry Weapons Level 1, Terran Infantry Armor Level 1  
  77  5:26  Supply Depot, Marine  
  80  5:28  SCV  
  80  5:32  SCV, Marine  
  83  5:36  SCV  
  83  5:39  Supply Depot  
  83  5:40  SCV, Factory Reactor  
  85  5:46  Supply Depot, Marine x2  
  85  5:47  SCV  
  85  5:48  SCV  
  84  5:50  Marine  
  84  5:51  Medivac  
  84  5:52  SCV, Medivac  
  84  5:55  Marine x2  
  92  5:59  SCV  
  92  6:00  SCV  
  93  6:04  Marine x2  
  93  6:05  SCV  
  93  6:08  Marine  
  93  6:10  Barracks  
  93  6:11  Barracks  
  97  6:13  Marine x2  
  97  6:14  Supply Depot  
  97  6:15  SCV x2  
  97  6:16  Supply Depot  
  97  6:17  SCV  
  102  6:22  Medivac x2, Marine x2  
  108  6:26  Marine  
  108  6:28  SCV x2  
  108  6:29  SCV, Refinery  
  108  6:30  Refinery  
  108  6:31  Marine x2  
  114  6:40  Marine x2  
  114  6:41  Widow Mine  
  114  6:42  Widow Mine  
  120  6:47  Supply Depot, Factory  
  120  6:49  Command Center  
  120  6:50  Marine x2  
  120  6:52  Marine  
  120  6:54  SCV x2  
  120  6:57  SCV, Marine  
  120  6:58  Supply Depot, Marine  
  125  7:01  Barracks Reactor x2  
  125  7:08  Marine x2  
  125  7:09  Marine  
  125  7:13  Medivac, Widow Mine  
  125  7:14  Medivac, Widow Mine  
  136  7:15  Marine  
  136  7:22  Marine  
  138  7:26  Marine x2  
  133  7:30  SCV x3, Armory, Marine  
  133  7:33  Marine  
  133  7:35  Widow Mine  
  142  7:40  Marine  
  142  7:43  Widow Mine, Factory Tech Lab  
  142  7:44  Marine x2  
  143  7:47  Marine x2  
  143  7:48  Marine  
  143  7:51  Marine x2  
  146  7:53  Marine  
  146  7:56  Barracks  
  146  7:58  Barracks  
  149  8:01  Marine x2  
  149  8:02  Marine, Barracks  
  149  8:03  Widow Mine x2  
  149  8:04  Marine  
  149  8:05  Marine  
  158  8:06  Marine  
  158  8:08  SCV x3  
  158  8:09  Marine x2  
  164  8:13  Supply Depot x2, Marine, Sensor Tower  
  164  8:19  Marine x3  
  166  8:20  Terran Infantry Weapons Level 2  
  166  8:22  Marine x2  
  166  8:23  Terran Infantry Armor Level 2  
  166  8:24  Marauder  
  172  8:31  Marine x2  
  171  8:40  SCV x3  
  174  8:45  Marine  
  174  8:46  Marine  
  174  8:47  Widow Mine x2  
  157  8:51  Marauder, Barracks Tech Lab x2  
  157  8:52  Barracks Tech Lab  
  154  9:03  Widow Mine, Marine  
  154  9:04  Marine  
  154  9:08  Widow Mine x2, Liberator x2  
  165  9:12  Marauder  
  144  9:20  Marauder, Marine x3  
  133  9:24  Widow Mine  
  133  9:25  Marauder, Marine  
  133  9:26  Marine x2  
  133  9:27  Marine  
  133  9:28  Marauder  
  133  9:29  Marine  
  133  9:30  Widow Mine  
  133  9:31  Widow Mine  
  141  9:34  Marauder  
  141  9:38  Marine x3  
  142  9:41  Marauder  
  142  9:43  Marine  
  142  9:44  Marine  
  148  9:46  Planetary Fortress, Marauder, Widow Mine  
  148  9:49  Marauder  
  148  9:51  Marine x2, Widow Mine  
  158  9:53  Liberator  
  158  9:54  Liberator  
  158  9:55  Marauder, Marine  
  158  9:56  Marine x2  
  169  10:02  Marauder  
  169  10:06  Marine x2  
  173  10:08  Marauder  
  173  10:09  Widow Mine x2  
  173  10:10  Marauder  
  181  10:16  Marauder  
  181  10:18  Marine x2  
  172  10:21  Marine  
  172  10:22  Marine  
  172  10:24  Command Center, Marauder, Marine x2  
  172  10:27  Marine x2  
  180  10:29  Marauder  
  180  10:32  Marauder  
  180  10:33  Terran Vehicle And Ship Armor Level 1  
  184  10:36  Marine x2  
  184  10:38  Marauder  
  187  10:45  Marauder  
  187  10:47  Medivac x2  
  187  10:49  Marine x4  
  168  10:50  Marauder  
  168  10:52  Marine x2  
  168  10:53  Marauder  
  168  10:54  Marine x2, Widow Mine x2  
  178  10:59  Marauder  
  178  11:02  Widow Mine  
  180  11:07  Marauder, Marine x4  
  180  11:09  Marine x2  
  179  11:12  Refinery, Marauder  
  179  11:15  Marauder, Marine, Widow Mine x2  
  179  11:16  Marine  
  187  11:19  Supply Depot  
  187  11:23  Concussive Shells  
  187  11:25  Marine  
  188  11:33  Marine x3  
  188  11:34  Medivac, Marauder x3, Marine x2  
  188  11:36  Marauder  
  188  11:37  Marine  
  188  11:38  Marine  
  161  11:40  Medivac, Widow Mine x3  
  161  11:42  Marine  
  167  11:51  Marine x5  
  172  11:55  Marauder, Marine x2  
  172  11:56  Marauder x2  
  172  11:57  Marauder  
  172  12:00  Marine  
  181  12:11  Widow Mine x2  
  181  12:13  Medivac x2  
  181  12:14  Marine x5  
  181  12:15  Marine x2  
  193  12:17  SCV, Marauder x3  
  193  12:18  SCV, Marine  
  193  12:19  SCV, Marauder  
  195  12:27  SCV  
  196  12:30  SCV x2  
  196  12:31  SCV  
  196  12:32  Marine x2  
  196  12:38  Marauder x2  
  196  12:39  SCV  
  196  12:40  Marauder  
  196  12:42  SCV  
  198  12:44  Marine  
  198  12:45  Marine x2  
  198  12:52  Marauder  
  198  12:55  Marine x4  
  198  12:56  Marine  
  150  13:00  Marauder x2  
  150  13:01  Marine  
  150  13:02  Marine  
  150  13:03  Marine x2  
  151  13:09  Orbital Command  
  146  13:13  Marauder, Marine x4  
  146  13:15  Widow Mine x2  
  146  13:17  Marine  
  146  13:19  Marauder  
  159  13:21  Marauder  
  159  13:26  SCV x2  
  164  13:32  Terran Infantry Weapons Level 3  
  164  13:33  Marine  
  164  13:35  SCV  
  164  13:37  Orbital Command  
  161  13:51  Marauder  
  153  13:57  Marauder x2, Marine x2  
  153  13:59  Widow Mine  
  153  14:00  Widow Mine  
  156  14:09  Marine  
  147  14:10  Marauder, Marine  
  147  14:11  Marine x2  
  147  14:13  Widow Mine  
  147  14:15  Marauder  
  153  14:17  Marine  
  153  14:18  Marine  
  153  14:21  Widow Mine x2  
  153  14:22  SCV x2  
  161  14:25  SCV x3  
  162  14:33  Marauder  
  162  14:34  SCV x2, Widow Mine  
  162  14:36  Marine x2  
  161  14:42  Widow Mine  
  161  14:44  Marauder  
  161  14:45  Marauder  
  165  14:48  Marauder  
  163  14:54  Marauder  
  163  14:55  Medivac x2, Widow Mine x2  
  163  14:56  Orbital Command  
  163  14:59  Marine x2  
  169  15:01  Marine  
  169  15:02  Marine  
  174  15:07  Marauder  
  174  15:08  Marine  
  174  15:10  Marauder  
  179  15:25  Marauder  
  179  15:26  Marauder  
  179  15:28  Factory Tech Lab  
  173  15:31  Medivac  
  173  15:32  Medivac  
  173  15:34  Marauder  
  172  15:50  Sensor Tower  
  172  15:54  Marine x7  
  172  15:55  Marine  
  172  15:56  Refinery  
  178  16:04  Missile Turret  
  178  16:05  Bunker  
  178  16:06  Missile Turret  
  178  16:10  Marine  
Tags
 
Add a new tag
Caveats
  • Supply blocks, unpowered buildings, or Contaminate may cause inaccurate times.
  • Supply counts are checked every 10 seconds.